 Dungeon Crawl Stone Soup version 0.19-a0-1498-g0b85ae9 (webtiles) character file.

170384 junb69 the Eclecticist (level 17, 0/140 HPs)
             Began as a Green Draconian Conjurer on Sept 10, 2016.
             Was the Champion of Vehumet.
             Slain by a scimitar of freezing (9 damage)
             ... on level 2 of the Elven Halls.
             The game lasted 03:10:53 (45280 turns).

junb69 the Eclecticist (Green Draconian Conjurer)  Turns: 45280, Time: 03:10:54

Health: 0/140      AC: 20    Str: 11    XL:     17   Next: 37%
Magic:  16/36      EV: 16    Int: 23    God:    Vehumet [******]
Gold:   1864       SH:  6    Dex: 12    Spells: 11 memorised, 9 levels left

rFire  + . .     SeeInvis .     U - +0 hand axe of the Wilderness {venom, rElec Int+3}
rCold  x . .     Gourm    .     (armour unavailable)
rNeg   . . .     Faith    +     F - +1 buckler
rPois  +         Spirit   .     N - +2 hat
rElec  +         Dismiss  .     g - +2 cloak {+Inv}
rCorr  .         Reflect  .     T - +2 pair of gloves
MR     ++...     Harm     .     H - +2 pair of boots
Stlth  ++........               Q - amulet of faith
                                z - ring of protection from magic
                                D - ring of fire

@: repel missiles, drained
A: breathe noxious fumes, unfitting armour, stinger 1, clumsy 1, poison
resistance, cold-blooded, AC +9
a: Breathe Noxious Fumes, Renounce Religion, Evoke Invisibility


You were on level 2 of the Elven Halls.
You worshipped Vehumet.
Vehumet was exalted by your worship.
You were not hungry.

You visited 5 branches of the dungeon, and saw 26 of its levels.
You visited the Abyss 1 time.
You also visited: Labyrinth and Sewer.

You collected 3134 gold pieces.
You spent 1270 gold pieces at shops.

Inventory:

Hand Weapons
 U - the +0 hand axe of the Wilderness (weapon) {venom, rElec Int+3}
   (You bought it in a shop on level 2 of the Elven Halls)

   It poisons the flesh of those it strikes.
   It affects your intelligence (+3).
   It insulates you from electricity.
Armour
 g - a +2 cloak of invisibility (worn)
 F - a +1 buckler (worn)
 H - a +2 pair of boots (worn)
 N - a +2 hat (worn)
 T - a +2 pair of gloves (worn)
Magical Staves
 h - an uncursed staff of conjuration
Jewellery
 n - an uncursed ring of see invisible
 s - an uncursed ring of protection from cold {unknown}
 t - a cursed ring of positive energy
 w - an uncursed ring of protection from fire
 z - a ring of protection from magic (right hand)
 D - a ring of fire (left hand)
 G - an uncursed ring of magical power {unknown}
 Q - an amulet of faith (around neck)
 R - a +6 ring of evasion {unknown}
Wands
 i - a wand of enslavement (15/24)
 x - a wand of digging (18/24)
 E - a wand of teleportation (5/9)
 I - a wand of slowing (24/48)
 M - a wand of hasting (4/9)
 S - a wand of polymorph (13/24)
Scrolls
 a - 5 scrolls of magic mapping
 m - 3 scrolls of fear
 r - 3 scrolls of enchant weapon
 v - 8 scrolls of remove curse
 y - 8 scrolls of teleportation
 C - 4 scrolls of identify
 K - a scroll of holy word
Potions
 c - a potion of invisibility
 d - a potion of haste
 e - 3 potions of heal wounds
 j - 2 potions of might
 k - 5 potions of flight
 o - 8 potions of curing
 q - 3 potions of lignification
 u - a potion of resistance
 A - 2 potions of cancellation
 B - 2 potions of berserk rage
 L - a potion of cure mutation
 P - a potion of agility
 W - 2 potions of brilliance
Books
 J - a book of Annihilations

   Spells                             Type                      Level
   a - Poison Arrow                   Conjuration/Poison           6
   b - Chain Lightning                Conjuration/Air              8
   c - Lehudib's Crystal Spear        Conjuration/Earth            8
   d - Glaciate                       Conjuration/Ice              9
   e - Fire Storm                     Conjuration/Fire             9
Miscellaneous
 l - a phantom mirror
Comestibles
 b - 8 bread rations
 p - 7 meat rations
 O - 2 chunks of flesh


   Skills:
 - Level 10.2(9.5) Fighting
 - Level 8.3(7.6) Dodging
 - Level 5.4(4.8) Stealth
 - Level 6.7(6.1) Shields
 * Level 15.9(15.1) Spellcasting
 * Level 15.1(14.3) Conjurations
 - Level 7.0(6.4) Charms
 - Level 11.9(11.2) Fire Magic
 - Level 5.0(4.4) Air Magic
 - Level 8.5(7.8) Poison Magic


You had 9 spell levels left.
You knew the following spells:

 Your Spells              Type           Power        Failure   Level  Hunger
a - Magic Dart            Conj           ####         0%          1    None
b - Poisonous Cloud       Conj/Pois/Air  ######....   4%          6    #####..
c - Iskenderun's Battles  Conj/Chrm      ######..     1%          5    ##.....
d - Flame Tongue          Conj/Fire      #####        0%          1    None
e - Poison Arrow          Conj/Pois      ######....   2%          6    #####..
f - Fireball              Conj/Fire      #######...   1%          5    ##.....
g - Repel Missiles        Chrm/Air       #####.       1%          2    None
h - Conjure Flame         Conj/Fire      #######.     1%          3    None
i - Blink                 Tloc           N/A          6%          2    None
k - Irradiate             Conj/Tmut      ######....   2%          5    ##.....
l - Delayed Fireball      Conj/Fire      N/A          4%          7    ######.


Dungeon Overview and Level Annotations

Branches:
Dungeon (14/15)            Temple (1/1) D:5            Lair (6/6) D:9
  Swamp (0/4) Lair:2        Snake (0/4) Lair:2        Slime (0/5) Lair:6
    Orc (2/2) D:11            Elf (3/3) Orc:2        Vaults (0/5) D:14

Altars:
Cheibriados
Dithmenos
Elyvilon
Fedhas
Gozag
Makhleb
Sif Muna
Trog
Vehumet
Xom
Yredelemnul
The Shining One
Beogh

Shops:
D:11 }   Orc:2 [}*?[[%   Elf:2 (

Portals:
Trove: Elf:2 (give +4 demon blade)

Annotations:
D:5 1 exclusion, Dowan; Duvessa
D:7 epen's ghost, novice MfMo
D:12 George's ghost, journeyman MiFi
Lair:6 1 exclusion
Elf:2 3 runed doors
Elf:3 Gruesome's ghost, veteran FoFi


Innate Abilities, Weirdness & Mutations

You can breathe blasts of noxious fumes.
Your lurid green scales are hard. (AC +9)
Your body does not fit into most forms of armour.
Your tail ends in a poisonous barb.
Your system is resistant to poisons. (rPois)
You are cold-blooded and may be slowed by cold attacks.
You are clumsy. (Dex -2)


Message History

Your battlesphere fires!
The barrage of energy hits the scimitar of freezing.
The scimitar of freezing is severely damaged.
You block the scimitar of freezing's attack.
The scimitar of freezing closely misses you.
Casting: Magic Dart
Confirm with . or Enter, or press ? or * to list all spells.
Aiming: Magic Dart
Press: ? - help, Shift-Dir - straight line, f/p - scimitar of freezing
Aim: a scimitar of freezing (severely damaged)
The magic dart hits the scimitar of freezing.
The scimitar of freezing is severely damaged.
You feel yourself speed up.
Your battlesphere fires!
The barrage of energy hits the scimitar of freezing.
The scimitar of freezing is severely damaged.
The scimitar of freezing hits you!
* * * LOW HITPOINT WARNING * * *
The scimitar of freezing freezes you!
You die...

#################################
.......)..∩.....................#
...............*................#
<......########..#############..#
.......#....<.#.@#...........#..#
.......#......#.(#...........#(.#
.......#......#..#..#######..#..#
.......#......#.>#..#.....#..#..#
.......#......#..#..#.....'..#..#
.......#......#..#..#.....#..#..#
.......#......#..#..#.....#..'..#
.(.....#......#..#..#.....#..#..#
.......#......#..#..#.....#.!#..#


You could see a scimitar of freezing and a friendly battlesphere.

Vanquished Creatures
  A deep elf master archer (Elf:3)
  4 deep elf blademasters (Elf:3)
  4 deep elf sorcerers
  6 deep elf elementalists
  A stone giant (Orc:2)
  3 deep elf demonologists (Elf:3)
  4 deep elf annihilators (Elf:3)
  Snorg (Orc:2)
  6 deep elf death magi
  A green death (Abyss:2)
  A yaktaur captain (D:14)
  A minotaur (Lab)
  6 deep elf high priests
  8 vault guards
  2 hydras
  A rakshasa (D:14)
  2 centaur warriors
  15 dancing weapons
  4 orc high priests
  A thrashing horror (Abyss:2)
  11 deep elf knights
  Nergalle (Orc:1)
  Urug (Lair:6)
  3 skeletal warriors (D:12)
  3 unseen horrors
  An unseen horror (shapeshifter) (Elf:2)
  A flayed ghost (D:13)
  A wizard (D:13)
  6 orc knights
  14 deep elf archers
  6 hill giants
  50 deep elf magi
  4 orc sorcerers (Orc:2)
  4 cyclopes
  3 griffons
  3 ugly things
  3 manticores
  A worldbinder (Abyss:2)
  11 elephants
  Psyche (D:11)
  A torpor snail (Lair:5)
  10 spiny frogs
  4 black mambas
  2 gargoyles
  3 orange demons (Elf:3)
  A rime drake (Lair:6)
  2 kobold demonologists
  4 komodo dragons
  2 efreet (D:13)
  4 trolls
  A two-headed ogre (D:12)
  Grinder (D:5)
  2 raiju (Abyss:2)
  A boulder beetle (Lair:5)
  17 blink frogs
  2 air elementals (Elf:3)
  Sigmund (D:5)
  2 redbacks (Lab)
  A vampire (D:12)
  4 shadows
  5 wraiths
  63 yaks
  6 basilisks
  3 wyverns
  5 hungry ghosts
  A neqoxec (Abyss:2)
  A basilisk (shapeshifter) (D:14)
  4 fire elementals
  6 water elementals
  9 fire bats (D:13)
  3 vampire mosquitoes (D:12)
  6 hippogriffs
  Eustachio (D:5)
  2 large abominations (Abyss:2)
  4 wargs
  5 insubstantial wisps (Lair:2)
  Menkaure (D:9)
  21 water moccasins
  A naga (Lair:2)
  12 porcupines
  3 ice beasts
  31 orc warriors
  6 sky beasts
  3 eyes of draining
  3 black bears
  4 starcursed masses (Abyss:2)
  3 phantoms
  23 ogres
  The ghost of Roxy the Skirmisher, an amateur FoFi (D:5)
  6 centaurs
  A small abomination (Abyss:2)
  7 wolves (Lair:6)
  16 crocodiles
  4 big kobolds
  2 gnoll sergeants
  4 earth elementals (Elf:2)
  20 giant frogs
  6 scorpions
  3 wyvern skeletons
  A water moccasin skeleton (D:7)
  The ghost of Roxy the Skirmisher, a weakling DsMo (D:3)
  9 wights
  6 howler monkeys
  An electric eel (Lair:3)
  7 crimson imps
  3 giant frog zombies
  A quasit (Abyss:2)
  7 centaur skeletons
  10 hounds
  4 centaur zombies
  16 jellies
  24 orc priests
  2 gnoll shamans (D:12)
  27 orc wizards
  2 giant frog skeletons
  12 worker ants
  18 iguanas
  A hound skeleton (D:9)
  16 gnolls
  9 adders
  54 river rats
  5 shadow imps
  3 oozes (Lair:6)
  An adder zombie (D:6)
  An adder skeleton (D:4)
  4 worms
  2 dart slugs
  4 giant geckos
  99 orcs
  A ball python (D:2)
  66 bats
  4 giant cockroaches
  4 goblins
  6 hobgoblins
  5 jackals
  2 quokkas
  A ball python skeleton (D:6)
  A giant gecko skeleton (D:4)
  5 giant newts
  17 kobolds
  A quokka skeleton (D:7)
  8 rats
  2 crawling corpses (Elf:3)
  8 plants
1051 creatures vanquished.

Vanquished Creatures (collateral kills)
  2 giant frogs (Lair:1)
2 creatures vanquished.

Vanquished Creatures (others)
  A deep elf knight (Elf:1)
  A water elemental (Elf:3)
  A quokka (D:11)
  A crawling corpse (Elf:3)
  20 fungi
  10 plants
34 creatures vanquished.

Grand Total: 1087 creatures vanquished

Notes
Turn   | Place    | Note
-------+----------+-------------------------------------------
     0 | D:1      | junb69 the Draconian Conjurer began the quest for the Orb.
     0 | D:1      | Reached XP level 1. HP: 14/14 MP: 3/3
   301 | D:1      | Reached XP level 2. HP: 20/20 MP: 1/5
   445 | D:1      | Learned a level 2 spell: Searing Ray
   754 | D:2      | Reached skill level 5 in Conjurations
   754 | D:2      | Reached XP level 3. HP: 25/26 MP: 2/6
  1758 | D:3      | Reached XP level 4. HP: 33/33 MP: 3/7
  2243 | D:3      | Noticed Roxy's ghost (weakling DsMo)
  2380 | D:4      | Found a glowing drain.
  2386 | Sewer    | Entered a sewer
  2524 | Sewer    | Noticed a big kobold
  2539 | Sewer    | Killed a big kobold
  2539 | Sewer    | Reached XP level 5. HP: 34/38 MP: 1/8
  2565 | Sewer    | Learned a level 5 spell: Iskenderun's Battlesphere
  2590 | Sewer    | Found a white marble altar of Elyvilon.
  2822 | D:4      | Noticed Sigmund
  2895 | D:4      | Reached skill level 1 in Charms
  2984 | D:4      | Reached XP level 6. HP: 45/45 MP: 2/10
  3567 | D:5      | Entered Level 5 of the Dungeon
  3612 | D:5      | Noticed Duvessa
  3612 | D:5      | Noticed Dowan
  3682 | D:5      | Found a staircase to the Ecumenical Temple.
  3707 | Temple   | Entered the Ecumenical Temple
  3714 | Temple   | Became a worshipper of Vehumet
  4070 | D:5      | Noticed a sky beast
  4078 | D:5      | Killed a sky beast
  4078 | D:5      | Your scales start taking on a lurid green colour.
  4078 | D:5      | Reached XP level 7. HP: 43/50 MP: 4/12
  4078 | D:5      | Gained mutation: Your system is resistant to poisons. (rPois) [Green Draconian growth]
  4172 | D:5      | Noticed Roxy's ghost (amateur FoFi)
  4223 | D:5      | Noticed Eustachio
  4425 | D:5      | Killed Sigmund
  4808 | D:5      | Noticed Grinder
  4841 | D:5      | Killed Eustachio
  5256 | D:6      | Reached XP level 8. HP: 57/57 MP: 4/14
  5438 | D:6      | Reached skill level 5 in Charms
  5585 | D:6      | Noticed Menkaure
  5837 | D:6      | You fall through a shaft!
  6050 | D:7      | Reached * piety under Vehumet
  6050 | D:7      | Offered knowledge of Sandblast by Vehumet.
  6082 | D:7      | Reached skill level 5 in Spellcasting
  6351 | D:6      | Reached XP level 9. HP: 62/62 MP: 8/17
  7003 | D:5      | Killed Roxy's ghost
  7385 | D:5      | Killed Grinder
  7514 | D:3      | Killed Roxy's ghost
  7619 | D:7      | Found a snail-covered altar of Cheibriados.
  7781 | D:7      | Noticed epen's ghost (novice MfMo)
  7918 | D:7      | Got a crude dagger
  7920 | D:7      | Identified the cursed +0 dagger "Gitoixzal" {pierce, +Rage rN+} (You found it on level 7 of the Dungeon)
  8411 | D:8      | Reached skill level 10 in Conjurations
  8470 | D:8      | Reached skill level 1 in Shields
  8819 | D:8      | Offered knowledge of Flame Tongue by Vehumet.
  8824 | D:8      | Learned a level 1 spell: Flame Tongue
  8986 | D:8      | Reached ** piety under Vehumet
  9606 | D:8      | Reached XP level 10. HP: 65/69 MP: 12/20
  9748 | D:9      | Killed Menkaure
 10010 | D:9      | Reached skill level 5 in Shields
 10384 | D:9      | Found a bloodstained altar of Trog.
 10632 | D:9      | Offered knowledge of Static Discharge by Vehumet.
 10637 | D:9      | Reached skill level 1 in Fighting
 10820 | D:9      | Found a staircase to the Lair.
 11117 | D:9      | Reached *** piety under Vehumet
 11367 | Lair:1   | Entered Level 1 of the Lair of Beasts
 11878 | D:9      | Reached skill level 5 in Fighting
 12012 | Lair:1   | Reached XP level 11. HP: 88/88 MP: 11/21
 12153 | Lair:1   | Offered knowledge of Throw Icicle by Vehumet.
 12213 | Lair:1   | Reached skill level 5 in Dodging
 12692 | Lair:1   | Learned a level 4 spell: Throw Icicle
 13186 | Lair:2   | Reached **** piety under Vehumet
 13254 | Lair:2   | Offered knowledge of Fireball by Vehumet.
 13266 | Lair:2   | Learned a level 5 spell: Fireball
 13364 | Lair:2   | Reached skill level 1 in Fire Magic
 13992 | Lair:2   | Found a staircase to the Snake Pit.
 14054 | Lair:2   | Found a staircase to the Swamp.
 15150 | Lair:3   | Learned a level 2 spell: Repel Missiles
 15154 | Lair:3   | Learned a level 3 spell: Conjure Flame
 15365 | Lair:3   | Reached ***** piety under Vehumet
 15438 | Lair:2   | Offered knowledge of Venom Bolt by Vehumet.
 15475 | Lair:2   | Reached skill level 5 in Fire Magic
 15964 | Lair:3   | Reached XP level 12. HP: 100/100 MP: 7/24
 16990 | Lair:3   | Learned a level 2 spell: Blink
 17039 | Lair:4   | Noticed a seven-headed hydra
 17165 | Lair:4   | Killed a seven-headed hydra
 18692 | Lair:5   | Reached skill level 10 in Spellcasting
 19872 | Lair:5   | Learned a level 5 spell: Venom Bolt
 20524 | Lair:6   | Entered Level 6 of the Lair of Beasts
 20524 | Lair:6   | Found a labyrinth entrance.
 20533 | Lair:6   | Reached XP level 13. HP: 103/105 MP: 20/27
 20539 | Lab      | Entered a labyrinth
 20757 | Lab      | Offered knowledge of Irradiate by Vehumet.
 21248 | Lab      | Found an exit through the horrors of the Abyss.
 21375 | Lab      | Noticed a minotaur
 21485 | Lab      | Killed a minotaur
 21547 | Lab      | Got a twisted trident
 21553 | Lab      | Identified the +6 trident of Aruum {flame, rF+} (You found it in a labyrinth)
 21976 | Lair:6   | Noticed Urug
 21986 | Lair:6   | Killed Urug
 22208 | Lair:6   | Reached skill level 10 in Fire Magic
 22402 | Lair:6   | Found a staircase to the Slime Pits.
 23710 | Lair:6   | Identified a scroll of acquirement
 23890 | D:10     | Entered Level 10 of the Dungeon
 24709 | D:11     | Noticed Psyche
 24713 | D:11     | Killed Psyche
 24914 | D:11     | Found Zoenaapn's Gadget Emporium.
 25222 | D:11     | Found a roughly hewn altar of Beogh.
 25222 | D:11     | Found a staircase to the Orcish Mines.
 26012 | Orc:1    | Entered Level 1 of the Orcish Mines
 26087 | D:11     | Learned a level 5 spell: Irradiate
 26183 | D:11     | Offered knowledge of Yara's Violent Unravelling by Vehumet.
 26870 | Orc:1    | Noticed Nergalle
 26873 | Orc:1    | Killed Nergalle
 26873 | Orc:1    | Gained mutation: Your tail ends in a poisonous barb. [Green Draconian growth]
 26873 | Orc:1    | Reached XP level 14. HP: 116/116 MP: 18/30
 27009 | Orc:2    | Entered Level 2 of the Orcish Mines
 27009 | Orc:2    | Noticed Snorg
 27013 | Orc:2    | Killed Snorg
 27312 | Orc:2    | Found Fetemoraczo's Food Emporium.
 27381 | Orc:2    | Reached ****** piety under Vehumet
 27682 | Orc:2    | Offered knowledge of Delayed Fireball by Vehumet.
 27691 | Orc:2    | Learned a level 7 spell: Delayed Fireball
 28031 | Orc:2    | Found Loc Kak's Armour Boutique.
 28031 | Orc:2    | Found Buuleq's Antique Armour Shoppe.
 28039 | Orc:2    | Found Tym Xae's Magic Scroll Boutique.
 28039 | Orc:2    | Found Zuco Huic's Assorted Antiques.
 28063 | Orc:2    | Bought a scroll of identify for 32 gold pieces
 28063 | Orc:2    | Bought a scroll of identify for 32 gold pieces
 28067 | Orc:2    | Bought a scroll of identify for 32 gold pieces
 28069 | Orc:2    | Bought a scroll of identify for 56 gold pieces
 28069 | Orc:2    | Bought a scroll of amnesia for 98 gold pieces
 28113 | Orc:2    | Bought a scroll of enchant armour for 120 gold pieces
 28182 | Orc:2    | Reached skill level 10 in Fighting
 28214 | Orc:2    | Found Qawoox's Antique Armour Boutique.
 28225 | Orc:2    | Found Davelose's Gadget Shop.
 28231 | Orc:2    | Noticed a stone giant
 28547 | Orc:2    | Killed a stone giant
 28829 | Orc:2    | Found a staircase to the Elven Halls.
 29217 | D:12     | Noticed George's ghost (journeyman MiFi)
 31870 | D:12     | Offered knowledge of Ozocubu's Refrigeration by Vehumet.
 33402 | D:13     | Offered knowledge of Poisonous Cloud by Vehumet.
 33521 | D:13     | Found a deep blue altar of Sif Muna.
 33664 | D:13     | Found a burning altar of Makhleb.
 33668 | D:13     | Found a runed door.
 33849 | D:13     | Found a blossoming altar of Fedhas.
 33854 | D:13     | Found a radiant altar of Vehumet.
 33877 | D:13     | Found a radiant altar of Vehumet.
 33890 | D:13     | Found an opulent altar of Gozag.
 34246 | D:13     | Learned a level 6 spell: Poisonous Cloud
 34293 | D:14     | Reached skill level 1 in Poison Magic
 34301 | D:14     | Reached XP level 15. HP: 126/126 MP: 17/32
 34620 | D:14     | Reached skill level 5 in Poison Magic
 34912 | D:14     | Found a gate to the Vaults.
 34998 | D:14     | Offered knowledge of Bolt of Fire by Vehumet.
 36192 | D:12     | Reached skill level 1 in Air Magic
 36341 | Elf:1    | Entered Level 1 of the Elven Halls
 36548 | Elf:1    | Noticed a deep elf sorcerer
 36549 | Elf:1    | Noticed a deep elf sorcerer
 36552 | Elf:1    | Cast into level 2 of the Abyss (a deep elf sorcerer)
 36673 | Abyss:2  | Noticed a revenant
 37057 | Elf:1    | Escaped the Abyss
 37077 | Elf:1    | Killed a deep elf sorcerer
 37077 | Elf:1    | Killed a deep elf sorcerer
 37098 | Elf:1    | Reached skill level 5 in Stealth
 37815 | Elf:1    | Gained mutation: You are clumsy. (Dex -2) [a neqoxec]
 38059 | Elf:1    | Offered knowledge of Shatter by Vehumet.
 38059 | Elf:1    | Offered knowledge of Chain Lightning by Vehumet.
 38059 | Elf:1    | Offered knowledge of Tornado by Vehumet.
 38123 | Elf:1    | Reached skill level 5 in Air Magic
 39067 | Elf:2    | Found Peorgh Le Her's Antique Weapon Emporium.
 39075 | Elf:2    | Bought a twisted short sword for 288 gold pieces
 39076 | Elf:2    | Identified the +2 short sword "Kufa" {speed, rElec rPois Dex-5} (You bought it in a shop on level 2 of the Elven Halls)
 39081 | Elf:2    | Bought a twisted hand axe for 288 gold pieces
 39082 | Elf:2    | Identified the cursed +0 hand axe of the Wilderness {venom, rElec Int+3} (You bought it in a shop on level 2 of the Elven Halls)
 39086 | Elf:2    | Bought an encrusted rapier for 324 gold pieces
 39088 | Elf:2    | Identified the cursed +0 rapier of the Big Bang {speed, +Rage rN+} (You bought it in a shop on level 2 of the Elven Halls)
 39430 | Elf:2    | Reached XP level 16. HP: 134/134 MP: 28/33
 39760 | Elf:2    | Found a portal to a secret trove of treasure.
 39903 | Elf:2    | Found a runed gate.
 39903 | Elf:2    | Found a runed gate.
 39906 | Elf:2    | Found a runed gate.
 40122 | Elf:3    | Entered Level 3 of the Elven Halls
 40179 | Elf:3    | Noticed Gruesome's ghost (veteran FoFi)
 41198 | Elf:3    | Learned a level 6 spell: Poison Arrow
 41991 | Elf:3    | Noticed a deep elf master archer
 41995 | Elf:3    | Killed a deep elf master archer
 42068 | Elf:3    | Noticed a deep elf blademaster
 42242 | Elf:3    | Noticed a deep elf blademaster
 42252 | Elf:3    | Killed a deep elf blademaster
 42252 | Elf:3    | Reached skill level 15 in Spellcasting
 42810 | Elf:3    | Noticed a Hell Sentinel
 43379 | Elf:3    | Killed a deep elf blademaster
 43379 | Elf:3    | Reached XP level 17. HP: 97/140 MP: 4/36
 43616 | Elf:3    | Noticed a deep elf blademaster
 43728 | Elf:3    | Killed a deep elf blademaster
 43973 | Elf:3    | Noticed a deep elf blademaster
 43978 | Elf:3    | Killed a deep elf blademaster
 44590 | Elf:3    | Reached skill level 15 in Conjurations
 45280 | Elf:2    | Slain by a scimitar of freezing

Vault maps used:
D:1:      dpeg_arrival_lava_temple_mockup
D:4:      first_bread, gup_sewer_entry_bowl, uniq_sigmund
D:5:      minivault_26, uniq_eustachio, uniq_grinder, uniq_duvessa
D:6:      uniq_menkaure
D:7:      cheibrodos_worm_habitat
D:9:      minmay_lair_entry_grove, basic_altar, grunt_ogre_cave,
          stair_cage_line, minivault_5
D:10:     lemuel_old_faithful
D:11:     david_orc_5, serial_shops, shop, st_stairs_7, uniq_psyche
D:12:     kennysheep_seaside_town
D:13:     due_megacathedral, minmay_misc_feat_encased
D:14:     erik_vaults_2, nrook_uturn, serial_bayou, serial_bayou_pond_b,
          serial_bayou_crossing, serial_bayou_ford_a, serial_bayou_shore_b
Temple:   grunt_wide_crystal_templ
Lair:1:   beast_lair_carwin_2, grunt_megastairs_3, lemuel_fruit_tree
Lair:2:   minmay_swamp_entry_wisps, guppyfry_snake_entry_island,
          mumra_transporter_accident
Lair:3:   lemuel_fruit_fields, serial_bayou_shore_b, infiniplex_staircase_pool
Lair:5:   grunt_megastairs_1, uniq_urug
Lair:6:   due_jungle_book, minmay_slime_entry_jelly_boxes, lab_entry_generic,
          st_stairs_13, serial_bayou_pond_a
Orc:1:    uniq_nergalle
Orc:2:    grunt_orc_tribal_feast, serial_shops, shop,
          nicolae_shop_competitors_out_of_business,
          nicolae_shop_window_shopping, uniq_snorg
Elf:1:    elf_arrival_001, kennysheep_underground_church
Elf:2:    serial_shops, shop, nicolae_trove_entry_crossroad
Elf:3:    minmay_elf_hall_not_hex, einodemon_barbed_minivault,
          hangedman_decor_cross_pass
Lab:      labyrinth_mini_lab, nicolae_lab_stuck, nicolae_lab_x,
          nicolae_lab_hexagon, nicolae_lab_big_swirl, labyrinth_fake_exit
Sewer:    sewer_kobolds

Skill      XL: |  1  2  3  4  5  6  7  8  9 10 11 12 13 14 15 16 17 |
---------------+----------------------------------------------------+-----
Conjurations   | 5 6 7 9 10 11 12 14 15 | 15.1
Charms         | 1 3 4 5 6 7 |  7.0
Spellcasting   | 3 4 5 6 8 10 12 13 15 | 15.9
Shields        | 4 6 |  6.7
Fighting       | 5 7 8 10 | 10.2
Dodging        | 4 5 8 |  8.3
Fire Magic     | 5 8 10 11 | 11.9
Poison Magic   | 3 8 |  8.5
Air Magic      | 5 |  5.0
Stealth        | 5 |  5.4

Action                   |  1- 3 |  4- 6 |  7- 9 | 10-12 | 13-15 | 16-18 || total
-------------------------+-------+-------+-------+-------+-------+-------++-------
Melee: Dagger            |    74 |   137 |   216 |   197 |     7 |       ||   631
       Tailslap          |     6 |    14 |    28 |    19 |    21 |     1 ||    89
       Staff             |       |       |       |       |   103 |       ||   103
       Hand axe          |       |       |       |       |       |    19 ||    19
 Cast: Magic Dart        |    45 |    45 |   149 |   283 |   151 |    76 ||   749
       Searing Ray       |     5 |    15 |    37 |    92 |    22 |       ||   171
       Iskenderun's Batt |       |       |    10 |   101 |   180 |    36 ||   327
       Fireball          |       |       |       |    11 |   126 |    32 ||   169
       Throw Icicle      |       |       |       |     3 |       |       ||     3
       Flame Tongue      |       |       |       |   112 |   646 |   123 ||   881
       Conjure Flame     |       |       |       |    10 |    20 |       ||    30
       Venom Bolt        |       |       |       |       |    30 |       ||    30
       Irradiate         |       |       |       |       |     3 |     2 ||     5
       Blink             |       |       |       |       |     3 |       ||     3
       Repel Missiles    |       |       |       |       |     3 |     1 ||     4
       Poisonous Cloud   |       |       |       |       |    14 |    64 ||    78
       Poison Arrow      |       |       |       |       |       |    32 ||    32
 Abil: Breathe Noxious F |       |       |    27 |    20 |     2 |     1 ||    50
  Use: Scroll            |     1 |     6 |     5 |    18 |    33 |     7 ||    70
       Potion            |       |     1 |     1 |     1 |     6 |       ||     9
 Stab: Sleeping          |       |     1 |       |     1 |       |       ||     2
       Confused          |       |       |     4 |       |       |       ||     4
  Eat: Chunk             |     4 |     7 |    14 |    48 |    84 |    13 ||   170
       Fruit             |       |     1 |     3 |    15 |     2 |       ||    21
       Pizza             |       |       |     3 |       |       |       ||     3
       Beef jerky        |       |       |     1 |     2 |     7 |       ||    10
       Bread ration      |       |       |     1 |       |     3 |     1 ||     5
       Royal jelly       |       |       |       |     1 |     1 |       ||     2
       Meat ration       |       |       |       |       |     1 |     5 ||     6
Armor: Skin              |    17 |    39 |    69 |   126 |   220 |    60 ||   531
Dodge: Dodged            |    49 |    71 |   105 |   289 |   579 |    97 ||  1190
       Deflected         |       |       |       |       |    16 |    16 ||    32
Block: Buckler           |       |       |       |    96 |   241 |    39 ||   376
